Map: Apoteose ER

Players

Bombardier

  • Race: Terran Terran
  • League: Diamond

Stalker - Winner!

  • Race: Protoss Protoss
  • League: Diamond

VOD

Have the link to the VOD?

Description

Time

  • Played on: Sept. 17, 2016, 10:49 a.m.
  • Length: 8:37
Show
View Real Time Build Order
Export as new Build Order

Bombardier Terran 

Build Orders: Reaper Expand, MMM Bio 

Get SALT Encoding   

  12  0:01  SCV  
  13  0:13  SCV  
  14  0:18  Supply Depot  
  14  0:25  SCV  
  15  0:40  SCV  
  15  0:41  Barracks  
  16  0:46  Refinery  
  16  0:53  SCV  
  17  1:05  SCV  
  18  1:17  SCV  
  19  1:30  Reaper  
  19  1:31  Orbital Command  
  20  1:42  Command Center  
  20  1:56  SCV  
  20  2:00  Refinery  
  21  2:08  Supply Depot  
  21  2:10  SCV  
  21  2:14  Barracks Reactor  
  22  2:22  SCV  
  23  2:28  Factory  
  23  2:34  SCV  
  24  2:46  SCV  
  24  2:49  Barracks  
  24  2:51  Marine x2  
  27  2:59  Orbital Command  
  27  3:08  SCV  
  27  3:12  Marine x2  
  29  3:20  SCV  
  30  3:30  Marine x2  
  30  3:47  Marine  
  31  3:50  Marine  
  31  3:53  Barracks Tech Lab  
  31  3:57  Engineering Bay  
  31  3:58  Widow Mine  
  31  4:01  Barracks  
  33  4:04  Barracks  
  33  4:05  Starport, SCV  
  33  4:06  SCV  
  33  4:07  Barracks  
  35  4:10  Marine x2  
  35  4:16  Stimpack  
  37  4:18  SCV  
  37  4:20  SCV  
  39  4:30  SCV  
  38  4:32  SCV  
  38  4:36  Missile Turret  
  38  4:37  Terran Infantry Weapons Level 1  
  39  4:51  Barracks Tech Lab  
  39  4:53  SCV  
  39  4:54  SCV  
  41  5:06  SCV  
  38  5:28  Barracks Reactor  
  38  5:30  Marine x2  
  38  5:31  Marauder x2  
  38  5:33  Barracks Tech Lab  
  38  5:34  Starport Reactor  
  44  5:39  Missile Turret, SCV  
  44  5:40  SCV  
  46  5:51  Concussive Shells  
  46  5:54  Combat Shields  
  46  6:00  SCV x2, Marine x2  
  46  6:01  Marauder x2  
  46  6:03  Supply Depot  
  54  6:04  Supply Depot  
  54  6:24  SCV, Marauder x3, Marine  
  62  6:25  Medivac  
  62  6:26  SCV  
  62  6:31  Refinery, Marine x3  
  62  6:32  Refinery  
  68  6:35  Supply Depot  
  68  6:40  Medivac  
  70  6:56  Widow Mine, Marine x2  
  70  6:57  Supply Depot  
  70  6:58  Supply Depot  
  70  7:00  Medivac  
  76  7:04  Marine  
  77  7:11  Supply Depot  
  77  7:17  SCV  
  77  7:19  Marauder, SCV  
  81  7:25  Medivac  
  83  7:30  Medivac  
  85  7:49  Marauder, Marine x3  
  85  7:50  Marauder  
  92  7:55  Medivac  
  92  7:58  Marine  
  85  7:59  Marauder  
  70  8:07  Marine x2  
  62  8:15  Marine x2  
  62  8:16  Marauder, Marine  
Show
View Real Time Build Order
Export as new Build Order

Stalker Protoss - Winner!

Build Orders: Oracle Opening, Blink Stalkers 

Get SALT Encoding   

  12  0:01  Probe (Chrono Boost)  
  13  0:12  Probe (Chrono Boost)  
  14  0:18  Pylon  
  14  0:22  Probe (Chrono Boost)  
  15  0:37  Probe (Chrono Boost)  
  15  0:38  Gateway  
  16  0:47  Probe (Chrono Boost)  
  16  0:48  Assimilator  
  17  0:58  Probe (Chrono Boost)  
  17  1:01  Assimilator  
  18  1:13  Probe (Chrono Boost)  
  19  1:24  Probe (Chrono Boost)  
  19  1:25  Cybernetics Core  
  20  1:29  Pylon  
  20  1:34  Probe (Chrono Boost)  
  21  1:45  Probe (Chrono Boost)  
  22  1:55  Probe (Chrono Boost)  
  23  2:04  Adept  
  23  2:06  Probe (Chrono Boost)  
  26  2:12  Warp Gate  
  26  2:22  Probe (Chrono Boost)  
  26  2:25  Pylon  
  26  2:30  Stargate  
  26  2:45  Nexus, Probe (Chrono Boost)  
  26  2:54  Stalker  
  26  2:57  Probe (Chrono Boost)  
  29  3:09  Probe (Chrono Boost)  
  29  3:10  Twilight Council  
  30  3:15  Oracle  
  33  3:24  Probe (Chrono Boost)  
  34  3:34  Probe (Chrono Boost)  
  34  3:38  Adept  
  37  3:45  Probe (Chrono Boost)  
  38  3:52  Blink  
  37  3:55  Probe (Chrono Boost)  
  37  4:21  Probe x2 (Chrono Boost)  
  39  4:38  Gateway  
  39  4:39  Probe (Chrono Boost)  
  39  4:40  Probe (Chrono Boost)  
  39  4:41  Gateway  
  39  4:42  Gateway, Pylon  
  39  4:45  Assimilator  
  41  4:47  Assimilator  
  41  4:50  Probe (Chrono Boost)  
  41  4:51  Mothership Core (Chrono Boost)  
  44  4:54  Pylon  
  44  4:57  Pylon  
  44  5:00  Probe (Chrono Boost)  
  45  5:09  Probe (Chrono Boost)  
  45  5:11  Adept  
  48  5:18  Pylon  
  48  5:19  Pylon  
  48  5:22  Probe (Chrono Boost)  
  48  5:24  Robotics Facility  
  48  5:27  Probe (Chrono Boost)  
  50  5:32  Probe (Chrono Boost)  
  51  5:37  Probe (Chrono Boost)  
  51  5:38  Forge  
  51  5:39  Adept x3  
  58  5:43  Probe (Chrono Boost)  
  58  5:48  Probe (Chrono Boost), Resonating Glaives  
  60  5:53  Probe (Chrono Boost), Adept  
  63  5:58  Probe (Chrono Boost)  
  63  6:01  Stalker x2  
  69  6:04  Probe (Chrono Boost)  
  69  6:10  Warp Prism  
  69  6:14  Probe (Chrono Boost)  
  69  6:17  Protoss Ground Weapons Level 1  
  72  6:26  Nexus  
  72  6:32  Gateway  
  72  6:35  Sentry x2  
  76  6:40  Oracle  
  76  6:46  Gateway  
  79  6:50  Observer  
  79  6:52  Gateway  
  79  6:53  Probe (Chrono Boost)  
  81  6:57  Probe (Chrono Boost)  
  81  7:00  Pylon  
  82  7:03  Stalker  
  82  7:04  Adept  
  82  7:07  Sentry  
  88  7:09  Adept  
  88  7:14  Pylon  
  92  7:22  Probe (Chrono Boost)  
  92  7:23  Probe (Chrono Boost)  
  92  7:34  Probe (Chrono Boost)  
  92  7:35  Probe (Chrono Boost), Pylon  
  94  7:37  Pylon  
  94  7:40  Adept x4  
  94  7:41  Adept  
  100  8:03  Adept x5  
  100  8:15  Probe (Chrono Boost)  
  100  8:16  Probe x2 (Chrono Boost)  
  100  8:17  Gateway  
  100  8:19  Templar Archives  
  103  8:21  Assimilator  
  103  8:23  Assimilator  
  103  8:26  Forge, Stalker x2  
  103  8:27  Stalker x2  
Tags
 
Add a new tag
Caveats
  • Supply blocks, unpowered buildings, or Contaminate may cause inaccurate times.
  • Supply counts are checked every 10 seconds.